 Dungeon Crawl Stone Soup version 0.27.1-4-g1640c2035a (webtiles) character file.

Game seed: 577975709791774015

107 FreshCat the Chopper (level 4, -2/41 HPs)
             Began as a Minotaur Chaos Knight on Nov 2, 2021.
             Was a Plaything of Xom.
             Slain by a black bear (3 damage)
             ... on level 2 of the Dungeon.
             The game lasted 00:08:32 (2125 turns).

FreshCat the Chopper (Minotaur Chaos Knight)        Turns: 2125, Time: 00:08:34

Health: -2/41      AC:  5    Str: 17    XL:     4   Next: 56%
Magic:  3/3        EV: 11    Int:  9    God:    Xom [...*..]
Gold:   99         SH:  0    Dex: 10    Spells: 3/3 levels left

rFire    . . .     SeeInvis .   a - +0 hand axe (chaos)
rCold    . . .     Faith    .   (no shield)
rNeg     . . .     Spirit   .   b - +2 leather armour
rPois    .         Reflect  .   (helmet restricted)
rElec    .         Harm     .   (no cloak)
rCorr    .         Rampage  .   (no gloves)
Will     .....                  (no boots)
Stlth    +.........             (no amulet)
HPRegen  0.13/turn              (no ring)
MPRegen  0.08/turn              (no ring)

@: no status effects
A: horns 2, retaliatory headbutt
a: Renounce Religion


You were on level 2 of the Dungeon.
You worshipped Xom.
You were a favourite toy of Xom.
You visited 1 branch of the dungeon, and saw 3 of its levels.

You collected 99 gold pieces.

Inventory:

Hand Weapons
 a - a +0 hand axe of chaos (weapon)
Missiles
 c - 84 stones (quivered)
Armour
 b - a +2 leather armour (worn)
 m - a +0 tower shield
Scrolls
 h - a scroll of immolation {unknown}
 i - a scroll of holy word {unknown}
 l - a scroll of enchant armour {unknown}
Potions
 e - 2 potions of berserk rage {unknown}
 f - a potion of ambrosia {unknown}
 g - 2 potions of mutation {unknown}
 j - a potion of attraction {unknown}
 k - a potion of might {unknown}
 n - a potion of flight {unknown}


   Skills:
 + Level 4.6 Fighting
 + Level 5.2 Axes
 + Level 2.9 Armour
 + Level 1.8 Dodging


You had 3 spell levels left.
You didn't know any spells.
Your spell library was empty.

Dungeon Overview and Level Annotations

Branches:
Dungeon (3/15)

Altars:
Fedhas

Annotations:
D:2 exclusion: black bear
D:3 3 runed translucent doors


Innate Abilities, Weirdness & Mutations

You have a pair of horns on your head.
You reflexively headbutt those who attack you in melee.


Message History

The black bear is heavily wounded.
The black bear struggles against the net.
You hit the black bear but do no damage.
The black bear is heavily wounded.
The black bear struggles against the net.
You completely miss the black bear.
The black bear is heavily wounded.
The black bear struggles against the net.
The net rips apart, and the black bear comes free!
You barely miss the black bear. You headbutt the black bear.
The black bear is heavily wounded.
The black bear barely misses you. The black bear closely misses you.
The black bear barely misses you.
You hit the black bear.
The black bear is poisoned.
The black bear is severely wounded.
The black bear goes berserk!
Xom is highly amused!
You barely miss the black bear. Your headbutt misses the black bear.
The black bear is severely wounded.
The black bear bites you. The black bear claws you. x2
The black bear bites you! The black bear barely misses you.
The black bear claws you but does no damage.
You hit the black bear but do no damage.
Your headbutt misses the black bear.
The black bear is severely wounded.
The black bear barely misses you. The black bear closely misses you. x2
The black bear completely misses you. The black bear barely misses you.
The black bear claws you.
You hit the black bear.
The black bear flickers and vanishes!
Deactivating autopickup; reactivate with Ctrl-A.
Something completely misses you. Something claws you.
Something claws you but does no damage.
You barely miss something. Something bites you!
* * * LOW HITPOINT WARNING * * *
Something claws you but does no damage. Something claws you.
* * * LOW HITPOINT WARNING * * *
Something bites you.
* * * LOW HITPOINT WARNING * * *
Something claws you but does no damage. Something claws you.
You die...

.# #########
..##.......#
..##.......#
#.##.......#
#.##.......#
#.##.......#
######.##.......#
#...............#
#.####..#.####@##
#.##....#.####{#####
#.##.##............#
##.##.##.##.##......###
#........##.##..(......
##.......)...##^.....##
######
.......##.......(....#
#.....
##.....##.......######
#.#### #.....#######.##
#.####


There were no monsters in sight!

Vanquished Creatures
  A hound (D:1)
  3 gnolls (D:2)
  A worm (D:3)
  A dart slug (D:2)
  5 endoplasms
  2 giant cockroaches
  4 hobgoblins
  6 kobolds
  A quokka (D:2)
  4 ball pythons
  2 bats (D:3)
  A frilled lizard (D:1)
  7 goblins
  3 rats
41 creatures vanquished.

Notes
Turn   | Place    | Note
-------+----------+-------------------------------------------
     0 | D:1      | FreshCat the Minotaur Chaos Knight began the quest for the
                  | Orb.
     0 | D:1      | Reached XP level 1. HP: 19/19 MP: 0/0
   432 | D:1      | Reached XP level 2. HP: 27/27 MP: 1/1
   446 | D:1      | Reached skill level 4 in Axes
   534 | D:2      | XOM: potion effect (invisibility)
   542 | D:1      | Reached XP level 3. HP: 29/34 MP: 2/2
   621 | D:1      | XOM: silly message
   921 | D:3      | XOM: stealth player
   971 | D:2      | XOM: divination: magic mapping
  1079 | D:2      | Found a blossoming altar of Fedhas.
  1212 | D:2      | You fall into a shaft and drop 1 floor!
  1317 | D:3      | XOM: silly message
  1340 | D:3      | Found a runed translucent gate.
  1340 | D:3      | Found a runed translucent gate.
  1340 | D:3      | Found a runed translucent gate.
  1356 | D:3      | XOM: potion effect (haste)
  1483 | D:3      | Reached XP level 4. HP: 22/41 MP: 3/3
  1770 | D:2      | XOM: silly message
  1881 | D:2      | Reached skill level 5 in Axes
  1891 | D:2      | Found a faded altar of an unknown god.
  2102 | D:2      | Noticed a black bear
  2104 | D:2      | XOM: noise
  2125 | D:2      | HP: 1/41 [something (4)]
  2125 | D:2      | Slain by a black bear

Illustrated notes

Levels and vault maps discovered:
D:1:      onia_arrival_handbag, layout_basic, minmay_stone_trees_small,
          serial_park_tiny_2
D:2:      layout_loops_cross, basic_altar, hellmonk_ecumenical_altar_run_dry
D:3:      layout_basic, nicolae_kikubaaqudgha_miasma_corner,
          gammafunk_ghost_necromancy, minivault_24

Skill      XL: |  1  2  3  4 |
---------------+-------------+-----
Fighting       | 4 |  4.6
Axes           | 4 5 |  5.2
Armour         | |  2.9
Dodging        | |  1.8

Action                   |  1- 3 |  4- 6 || total
-------------------------+-------+-------++-------
Melee: Hand axe          |    78 |    35 ||   113
       Headbutt          |     9 |     7 ||    16
Throw: Stone             |    32 |    11 ||    43
       Throwing net      |       |     3 ||     3
Armor: Leather armour    |    18 |     9 ||    27
Dodge: Dodged            |    43 |    21 ||    64
